 Dungeon Crawl Stone Soup version 0.24.0-13-gcf9b3192b9 (webtiles) character file.

Game seed: 1070597087056022569, levelgen mode: deterministic

2155 Cryoshakespeare the Changer (level 9, -12/93 HPs)
             Began as an Ogre Transmuter on Nov 5, 2019.
             Was an Initiate of Wu Jian.
             Mangled by a hog (13 damage)
             ... on level 7 of the Dungeon on Nov 6, 2019.
             The game lasted 00:19:41 (8617 turns).

Cryoshakespeare the Changer (Ogre Transmuter)       Turns: 8617, Time: 00:19:42

Health: -12/93     AC:  2    Str: 19    XL:     9   Next: 31%
Magic:  4/12       EV: 19    Int: 14    God:    Wu Jian [......]
Gold:   416        SH:  0    Dex: 14    Spells: 8/12 levels left

rFire    . . .     SeeInvis .     - Unarmed
rCold    . . .     Gourm    .   (shield currently unavailable)
rNeg     . . .     Faith    .   (armour currently unavailable)
rPois    x         Spirit   .   (helmet currently unavailable)
rElec    .         Reflect  .   (cloak currently unavailable)
rCorr    .         Harm     .   (gloves unavailable)
MR       .....                  (boots unavailable)
Stlth    +.........             (no amulet)
HPRegen  0.25/turn              (no ring)
MPRegen  0.13/turn              (no ring)

@: spider-form (expiring), very slightly contaminated, heavily drained
A: tiny, unfitting armour
a: End Transformation, Renounce Religion


You were on level 7 of the Dungeon.
You worshipped Wu Jian.
Wu Jian was noncommittal.
You were very hungry.
You were a venomous arachnid creature.
You visited 2 branches of the dungeon, and saw 8 of its levels.

You collected 416 gold pieces.

Inventory:

Hand Weapons
 o - a +1 dagger of venom (melded)
Missiles
 a - 109 arrows
Armour
 A - a cursed +0 robe (melded)
Jewellery
 q - an uncursed amulet of harm
Wands
 p - a wand of disintegration (28)
 x - a wand of flame (22)
Scrolls
 c - a scroll of enchant weapon {unknown}
 g - 2 scrolls of identify
 h - a scroll of noise
 l - a scroll of amnesia {unknown}
 m - a scroll of enchant armour {unknown}
 r - 2 scrolls of magic mapping {unknown}
 t - a scroll of immolation {unknown}
 u - 3 scrolls of teleportation
 v - 4 scrolls of remove curse
 y - a scroll of random uselessness {unknown}
Potions
 e - 2 potions of brilliance
 f - a potion of haste
 i - 3 potions of lignification
 j - 4 potions of curing
 k - 5 potions of heal wounds
 n - 2 potions of flight
 s - 3 potions of degeneration
 w - a potion of resistance
Comestibles
 d - 14 rations


   Skills:
 + Level 7.1(5.7) Fighting
 - Level 3.0(1.7) Dodging
 + Level 6.2(4.8) Unarmed Combat
 - Level 2.4(1.1) Spellcasting
 - Level 7.1(5.6) Transmutations
 - Level 3.1(1.8) Poison Magic


You had 8 spell levels left.
You knew the following spells:

 Your Spells              Type           Power        Failure   Level  Hunger
a - Beastly Appendage     Tmut           ###...       10%         1    ##.....
b - Spider Form           Tmut/Pois      ##........   36%         3    ####...

Your spell library contained the following spells:

 Spells                   Type           Power        Failure   Level  Hunger
 Sticks to Snakes         Tmut           ###.....     12%         2    ###....
 Blade Hands              Tmut           ###.......   77%         5    ######.
 Ice Form                 Ice/Tmut       #.......     82%         4    #####..


Dungeon Overview and Level Annotations

Branches:
Dungeon (7/15)             Temple (1/1) D:6

Altars:
Kikubaaqudgha
Wu Jian

Annotations:
D:3 1 runed translucent door, raetorn's ghost, amateur DrTm


Innate Abilities, Weirdness & Mutations

You are too large for most types of armour.
((You have tough skin. (AC +1)))


Message History

You turn into a venomous arachnid creature.
Your +1 dagger of venom melds into your body.
Your cursed +0 robe melds into your body.
Your +1 dagger of venom stops dripping with poison.
The hog bites you!
* * * LOW HITPOINT WARNING * * *
Unknown command.
You bite the hog!
The hog is poisoned.
The hog is moderately wounded.
The hog misses you.
You hit the hog.
The hog looks as sick as possible!
The hog is moderately wounded.
The hog closely misses you. The hog bites you.
* * * LOW HITPOINT WARNING * * *
Your transformation is almost over.
The hog bites you!
* * * LOW HITPOINT WARNING * * *
The hog bites you!
You die...

###########.##.##...#####...#....
.............#.##...#####...#....
###########..#.#.....[[p........>
........# #....#....#####...#....
###.....###.#..#..p.# #...#....
).#.........#..#....# #...#....
#)#.....#####..#....# #...#p...
#.#.....# ##>#hh..# #...#....
#.......# ###s...#####...#....
####....######.........######....
###....<#..............# #.....
..##.......###.........# #.####
#.#........# #.........# #.#
#.#.#.##...# #.........# ##.#
#.#.#....[.# #......#### #..#
#.#.#......# #......#%%...'..#
#.#.#.#....# #......#%..h.#.##


You could see 2 hogs and a human.

Vanquished Creatures
  A hog (D:7)
  Duvessa (D:5)
  A water moccasin (D:6)
  A phantom (D:6)
  2 centaurs (D:6)
  2 bullfrogs
  Dowan (D:5)
  10 wights
  2 howler monkeys (D:7)
  2 crimson imps
  3 hounds
  A quasit (D:7)
  5 orc priests
  A jelly (D:5)
  A bullfrog skeleton (D:6)
  5 orc wizards
  2 iguanas
  3 worker ants (D:5)
  A killer bee zombie (D:6)
  A hound zombie (D:7)
  A worker ant zombie (D:5)
  11 adders
  A worm (D:2)
  2 dart slugs
  5 leopard geckos
  13 orcs
  8 bats
  3 giant cockroaches
  5 goblins
  5 hobgoblins
  9 jackals
  9 kobolds
  2 quokkas
  2 ball pythons
  4 frilled lizards
  6 rats
132 creatures vanquished.

Notes
Turn   | Place    | Note
-------+----------+-------------------------------------------
     0 | D:1      | Cryoshakespeare the Ogre Transmuter began the quest for the
                  | Orb.
     0 | D:1      | Reached XP level 1. HP: 19/19 MP: 3/3
   195 | D:1      | Reached XP level 2. HP: 9/27 MP: 5/5
  1027 | D:2      | Reached XP level 3. HP: 33/33 MP: 6/6
  1032 | D:2      | Learned a level 3 spell: Spider Form
  1717 | D:2      | Reached XP level 4. HP: 41/41 MP: 0/7
  2684 | D:3      | Reached skill level 1 in Poison Magic
  2817 | D:3      | Reached XP level 5. HP: 47/48 MP: 8/8
  2829 | D:3      | Noticed raetorn's ghost (amateur DrTm)
  2834 | D:3      | Found a runed translucent door.
  3932 | D:5      | Entered Level 5 of the Dungeon
  3955 | D:3      | Reached XP level 6. HP: 33/55 MP: 7/9
  4366 | D:4      | Reached XP level 7. HP: 36/65 MP: 7/10
  5037 | D:5      | Reached skill level 5 in Transmutations
  5979 | D:6      | Noticed Duvessa
  5983 | D:6      | Noticed Dowan
  5999 | D:5      | Killed Duvessa
  5999 | D:5      | Reached XP level 8. HP: 30/78 MP: 9/11
  6004 | D:5      | Killed Dowan
  6392 | D:6      | Reached skill level 5 in Unarmed Combat
  6552 | D:6      | Found a staircase to the Ecumenical Temple.
  6559 | Temple   | Entered the Ecumenical Temple
  6577 | Temple   | Became a worshipper of the Wu Jian Council
  6777 | D:6      | Reached skill level 5 in Fighting
  7527 | D:7      | Reached XP level 9. HP: 72/89 MP: 9/12
  8617 | D:7      | HP: 1/93 [hog (11)]
  8617 | D:7      | Mangled by a hog

Levels and vault maps discovered:
D:1:      minmay_arrival_plants_in_alcoves, layout_loops_ring
D:2:      layout_basic, first_ration, minmay_circle_x
D:3:      layout_loops_ring, hellmonk_ghost_happy_afterlife
D:4:      layout_basic, minmay_misc_feat_chi, bh_walls_and_bars
D:5:      layout_rooms
D:6:      layout_basic, minmay_temple_entry_nine_rooms, minmay_fountain_box,
          dk_vineyard_3, kennysheep_nondescript, uniq_duvessa
D:7:      layout_basic, grunt_livestock
Temple:   hc_temple_tempest_star

Skill      XL: |  1  2  3  4  5  6  7  8  9 |
---------------+----------------------------+-----
Transmutations | 2 3 4 5 7 |  7.1
Poison Magic   | 1 2 3 |  3.1
Dodging        | 2 3 |  3.0
Unarmed Combat | 3 4 5 6 |  6.2
Fighting       | 2 3 5 7 |  7.1
Spellcasting   | |  2.4

Action                   |  1- 3 |  4- 6 |  7- 9 || total
-------------------------+-------+-------+-------++-------
Melee: Whip              |    81 |       |       ||    81
       Dagger            |    36 |    58 |    31 ||   125
       Punch             |     2 |       |     1 ||     3
       Headbutt          |     1 |       |       ||     1
       Unarmed           |     5 |    94 |   207 ||   306
 Cast: Beastly Appendage |     1 |       |       ||     1
       Spider Form       |     2 |    12 |    31 ||    45
Invok: Lunge             |       |       |    13 ||    13
  Use: Scroll            |       |       |    11 ||    11
       Potion            |       |       |     1 ||     1
 Stab: Sleeping          |       |     1 |       ||     1
  Eat: Chunk             |     3 |    10 |     7 ||    20
       Ration            |       |       |     3 ||     3
Armor: Robe              |    47 |    13 |     8 ||    68
       Skin              |       |     6 |    10 ||    16
Dodge: Dodged            |    96 |   112 |   197 ||   405
